 Dungeon Crawl Stone Soup version 0.29.1-15-g9cfb28693d (webtiles) character file.

Game seed: 8409477574995516031

266 protoss039 the Digger (level 6, 0/44 (47) HPs)
             Began as a Demonspawn Earth Elementalist on Mar 12, 2023.
             Slain by a wight
             ... wielding a +0 battleaxe
              (1 damage)
             ... on level 3 of the Dungeon.
             The game lasted 00:03:42 (2745 turns).

protoss039 the Digger (DsEE)                        Turns: 2745, Time: 00:03:42

HP:   0/44 (47)     AC:  4    Str:  9    XL:     6   Next: 0%
MP:   5/11          EV: 12    Int: 18    God:
Gold: 117           SH:  0    Dex: 13    Spells: 9/12 levels left

rFire   . . .      SeeInvis .   f - +0 spear
rCold   . . .      Faith    .   (no shield)
rNeg    . . .      Spirit   .   a - +0 robe
rPois   .          Reflect  .   n - +0 helmet
rElec   .          Harm     .   (no cloak)
rCorr   .          Rampage  .   k - +0 pair of gloves
Will    .....                   (no boots)
Stlth   ++........              (no amulet)
HPRegen 0.14/turn               (no ring)
MPRegen 0.12/turn               (no ring)

@: drained
A: spiny 2, weakness stinger 1
a: no special abilities


You were on level 3 of the Dungeon.
You visited 1 branch of the dungeon, and saw 4 of its levels.

You collected 117 gold pieces.

Inventory:

Hand Weapons
 f - a +0 spear (weapon)
Armour
 a - a +0 robe (worn)
 k - a +0 pair of gloves (worn)
 n - a +0 helmet (worn)
Magical Staves
 d - a staff of cold
Wands
 q - a wand of flame (17)
Scrolls
 c - 2 scrolls of blinking {unknown}
 e - 5 scrolls of identify {unknown}
 g - a scroll of poison {unknown}
 i - 4 scrolls of teleportation {unknown}
 j - 2 scrolls of immolation {unknown}
 o - a scroll of magic mapping {unknown}
 p - a scroll of enchant weapon {unknown}
Potions
 b - a potion of magic
 h - 2 potions of haste {unknown}
 l - 2 potions of heal wounds {unknown}
 m - 2 potions of flight {unknown}
 r - a potion of degeneration {unknown}


   Skills:
 + Level 3.2 Fighting
 - Level 1.7 Dodging
 - Level 1.7 Stealth
 + Level 3.7 Spellcasting
 - Level 0.8 Transmutations
 + Level 4.1 Earth Magic


You had 9 spell levels left.
You knew the following spells:

 Your Spells              Type           Power      Damage    Failure   Level
a - Sandblast             Erth           36%        2d10      2%          1
b - Passwall              Tmut/Erth      10%        N/A       9%          2

Your spell library contained the following spells:

 Spells                   Type           Power      Damage    Failure   Level
 Summon Small Mammal      Summ           12%        N/A       16%         1
 Stone Arrow              Conj/Erth      20%        3d8       21%         3
 Blink                    Tloc           6%         N/A       22%         2
 Ozocubu's Armour         Ice            3%         N/A       41%         3
 Petrify                  Tmut/Erth      12%        N/A       47%         4
 Manifold Assault         Tloc           3%         N/A       99%         5
 Ozocubu's Refrigeration  Ice            1%         4d7       100%        7
 Storm Form               Tmut/Air       2%         N/A       100%        7


Dungeon Overview and Level Annotations

Branches:
Dungeon (4/15) Zot: 21209
 Temple: D:4-7

Altars:

Shops:
D:1 ((?[


Innate Abilities, Weirdness & Mutations

You are mostly covered in sharp spines.
You have a small tail.


Message History

Casting: Sandblast (safe; 3% risk of failure)
Confirm with . or Enter, or press ? or * to list all spells.
Aiming: Sandblast (safe; 3% risk of failure)
Press: ? - help, Shift-Dir - straight line, f/p - wight
Aim: a wight, wielding a +3 short sword and wearing a +0 robe (almost destroyed, 82% to hit)
The blast of sand hits the wight.
The wight is almost destroyed.
The wight hits you from afar with a +0 spear.
You feel drained. The wight barely misses you.
The wight is struck by your spines.
You destroy the wight!
Your life force feels restored.
Your Earth Magic skill increases to level 4!
You have reached level 6!
Your demonic ancestry asserts itself...
Sharp spines emerge from more of your body.
Casting: Sandblast (safe; 2% risk of failure)
Confirm with . or Enter, or press ? or * to list all spells.
Aiming: Sandblast (safe; 2% risk of failure)
Press: ? - help, Shift-Dir - straight line, f - wight
Aim: a wight, wielding a +0 spear and wearing a +0 robe (82% to hit)
The blast of sand hits the wight but does no damage.
The wight misses you.
Unknown command.
You reach to attack!
You closely miss the wight.
The wight hits you from afar with a +0 spear!
Unknown command.
Casting: Sandblast (safe; 2% risk of failure)
Confirm with . or Enter, or press ? or * to list all spells.
Aiming: Sandblast (safe; 2% risk of failure)
Press: ? - help, Shift-Dir - straight line, f/p - wight
Aim: a wight, wielding a +0 battleaxe and wearing a +0 ring mail (84% to hit)
The blast of sand hits the wight but does no damage.
The wight is struck by your spines. The wight hits you with a +0 battleaxe.
* * * LOW HITPOINT WARNING * * *
You feel drained. The wight barely misses you. The wight closely misses you.
The wight hits you with a +0 battleaxe!
* * * LOW HITPOINT WARNING * * *
You feel drained.
You die...

############
......^....#
#####...........#
.#..............######
.....................#
.....................###
...†...................#
..†.†..................#
...>............@z...$.#
)...............)......#
.......!?##.......z....#
........>...).........##
........##..............
.#.##..##...............
........#†#..........##.
...................#.#
............#.######


You could see 2 wights.

Vanquished Creatures
  A kobold brigand (D:4)
  A wight (D:3)
  Robin (D:2)
  4 gnolls (D:2)
  4 adders
  2 worms
  2 dart slugs
  A bat (D:1)
  2 endoplasms
  7 hobgoblins
  3 jackals (D:2)
  2 quokkas (D:3)
  3 ball pythons
  3 frilled lizards
  14 goblins
  3 kobolds
  A rat (D:2)
54 creatures vanquished.

Notes
Turn   | Place    | Note
-------+----------+-------------------------------------------
     0 | D:1      | protoss039 the Demonspawn Earth Elementalist began the
                  | quest for the Orb.
     0 | D:1      | Reached XP level 1. HP: 13/13 MP: 3/3
   408 | D:1      | Found Isodo's Armour Shop.
   414 | D:1      | Found Teelejou's Magic Scroll Shoppe.
   430 | D:1      | Found a faded altar of an unknown god.
   440 | D:1      | Got Plato's Spellbook of Summoning
   467 | D:1      | Found Tixtie's Antique Weapon Emporium.
   545 | D:1      | Found Tati's Antique Weapon Boutique.
   564 | D:1      | Gained mutation: You have a small tail. [demonic ancestry]
   564 | D:1      | Reached XP level 2. HP: 20/20 MP: 3/5
   731 | D:1      | Reached skill level 1 in Fighting
  1098 | D:1      | Learned a level 2 spell: Passwall
  1104 | D:2      | Reached skill level 3 in Earth Magic
  1230 | D:2      | Gained mutation: You are partially covered in sharp spines.
                  | [demonic ancestry]
  1230 | D:2      | Reached XP level 3. HP: 16/26 MP: 0/6
  1462 | D:2      | Reached XP level 4. HP: 23/33 MP: 8/8
  1897 | D:2      | Noticed Robin
  1919 | D:2      | HP: 1/34 [Robin/+0 spear (3)]
  1920 | D:2      | Killed Robin
  2258 | D:2      | You fall into a shaft and drop 2 floors!
  2305 | D:4      | Noticed a kobold brigand
  2315 | D:4      | Killed a kobold brigand
  2316 | D:4      | Reached XP level 5. HP: 14/40 MP: 2/10
  2743 | D:3      | Reached skill level 4 in Earth Magic
  2743 | D:3      | Gained mutation: You are mostly covered in sharp spines.
                  | [demonic ancestry]
  2743 | D:3      | Reached XP level 6. HP: 24/47 MP: 6/11
  2745 | D:3      | HP: 1/46 [wight/+0 battleaxe (10)]
  2745 | D:3      | Slain by a wight

Illustrated notes

Levels and vault maps discovered:
D:1:      dpeg_arrival_chambers_temple_mockup, layout_basic,
          shapermc_ecumenical_altar_rom_forum, serial_shops, shop,
          nicolae_shop_temple_entry_statues_fountains, shop,
          nicolae_shop_hallway_stairs, minmay_misc_feat_x
D:2:      layout_basic, st_stairs_5, uniq_robin, uniq_natasha
D:3:      layout_rooms, uniq_ijyb
D:4:      layout_gridville, uniq_eustachio

Skill      XL: |  1  2  3  4  5 |
---------------+----------------+-----
Fighting       | 1 2 3 |  3.2
Earth Magic    | 3 4 |  4.1
Spellcasting   | 3 |  3.7
Dodging        | |  1.7
Stealth        | |  1.7
Transmutations | |  0.8

Action                   |  1- 3 |  4- 6 || total
-------------------------+-------+-------++-------
Melee: Staff             |     4 |       ||     4
       Spear             |    25 |    36 ||    61
       Tailslap          |     3 |     1 ||     4
       Punch             |       |     1 ||     1
 Cast: Sandblast         |    29 |    38 ||    67
 Stab: Sleeping          |       |     2 ||     2
Armor: Robe              |     4 |     8 ||    12
Dodge: Dodged            |    24 |    37 ||    61
